Map: Newkirk Precinct TE (Void)

Players

NonY

  • Race: Protoss Protoss
  • Spawn Location: 7:00

PiLiPiLi - Winner!

  • Race: Protoss Protoss
  • Spawn Location: 5:00

Event: WCS Austin 2017

VOD

Have the link to the VOD?

Description

Time

  • Played on: April 28, 2017, 7:53 p.m.
  • Length: 7:20

All games in this series

Show
View Real Time Build Order
Export as new Build Order

NonY Protoss 

Build Orders:  

Get SALT Encoding   

  12  0:00  Probe (Chrono Boost)  
  13  0:11  Probe (Chrono Boost)  
  14  0:18  Pylon  
  14  0:22  Probe (Chrono Boost)  
  15  0:36  Probe (Chrono Boost)  
  15  0:37  Gateway  
  16  0:45  Assimilator  
  16  0:47  Probe (Chrono Boost)  
  17  0:52  Assimilator  
  17  0:58  Probe (Chrono Boost)  
  18  1:06  Gateway  
  18  1:08  Probe (Chrono Boost)  
  19  1:19  Probe (Chrono Boost)  
  19  1:24  Cybernetics Core  
  20  1:29  Probe (Chrono Boost)  
  21  1:33  Pylon  
  22  1:40  Probe (Chrono Boost)  
  22  1:46  Warp Gate  
  22  1:50  Probe (Chrono Boost)  
  23  2:01  Stalker  
  23  2:02  Stalker  
  27  2:13  Mothership Core (Chrono Boost)  
  29  2:17  Pylon  
  29  2:27  Pylon  
  29  2:36  Stalker  
  31  2:38  Stalker  
  33  2:49  Gateway  
  33  2:58  Gateway  
  33  3:33  Probe (Chrono Boost)  
  33  3:49  Probe (Chrono Boost)  
  33  3:51  Adept x2  
  33  3:52  Adept  
  33  3:53  Pylon, Adept  
  41  4:14  Stalker x4  
  38  4:54  Stalker  
  38  4:55  Stalker x2  
  38  4:59  Stalker  
  29  5:31  Adept x2  
  29  5:58  Probe (Chrono Boost)  
  28  6:09  Probe (Chrono Boost)  
  29  6:13  Stalker  
  31  6:19  Probe (Chrono Boost)  
  32  6:30  Probe (Chrono Boost)  
  31  6:40  Probe (Chrono Boost)  
  30  6:51  Probe (Chrono Boost)  
  32  7:01  Probe (Chrono Boost)  
Show
View Real Time Build Order
Export as new Build Order

PiLiPiLi Protoss - Winner!

Build Orders: Oracle Opening 

Get SALT Encoding   

  12  0:01  Probe (Chrono Boost)  
  13  0:11  Probe (Chrono Boost)  
  14  0:18  Pylon  
  14  0:23  Probe (Chrono Boost)  
  15  0:36  Probe (Chrono Boost)  
  15  0:38  Gateway  
  16  0:44  Assimilator  
  16  0:47  Probe (Chrono Boost)  
  17  0:53  Assimilator  
  17  0:57  Probe (Chrono Boost)  
  18  1:06  Gateway  
  18  1:09  Probe (Chrono Boost)  
  19  1:19  Probe (Chrono Boost)  
  20  1:26  Cybernetics Core  
  20  1:30  Probe (Chrono Boost)  
  21  1:41  Probe (Chrono Boost)  
  21  1:45  Pylon  
  22  1:51  Probe (Chrono Boost)  
  23  2:02  Warp Gate  
  23  2:04  Adept x2  
  23  2:07  Mothership Core (Chrono Boost)  
  29  2:18  Pylon  
  29  2:26  Probe (Chrono Boost)  
  30  2:32  Stalker  
  30  2:35  Stargate  
  32  2:40  Probe (Chrono Boost)  
  34  2:52  Probe (Chrono Boost)  
  34  3:02  Probe (Chrono Boost)  
  35  3:15  Probe (Chrono Boost), Nexus  
  35  3:17  Oracle  
  37  3:40  Pylon  
  35  3:51  Probe (Chrono Boost), Void Ray  
  36  3:58  Robotics Facility  
  39  4:11  Pylon  
  39  4:21  Stalker  
  39  4:22  Stalker  
  43  4:32  Pylon  
  43  4:33  Void Ray  
  43  4:35  Pylon  
  43  4:37  Pylon  
  47  4:52  Stalker, Sentry  
  51  4:59  Pylon  
  51  5:05  Pylon  
  51  5:11  Void Ray  
  51  5:22  Stalker  
  49  5:32  Stalker  
  51  5:43  Pylon  
  51  5:49  Stalker  
  53  6:05  Stalker  
  53  6:09  Gateway  
  53  6:11  Forge  
  55  6:13  Adept  
  55  6:15  Void Ray  
  61  6:37  Stalker  
  63  6:47  Photon Cannon  
  63  6:50  Photon Cannon  
  63  6:54  Pylon  
  63  6:59  Pylon  
  63  7:00  Pylon  
Tags
 
Add a new tag
Caveats
  • Supply blocks, unpowered buildings, or Contaminate may cause inaccurate times.
  • Supply counts are checked every 10 seconds.